 Dungeon Sprint DCSS version 0.18.1-47-g9310371 (webtiles) character file.

2053 rftp080 the Protected (level 9, -2/59 HPs)
             Began as a Gargoyle Air Elementalist on June 23, 2016.
             Was a Priest of Sif Muna.
             Slain by a spiny frog (7 damage)
             ... in the Dungeon (Sprint IX: "|||||||||||||||||||||||||||||").
             The game lasted 00:03:48 (532 turns).

rftp080 the Protected (Gargoyle Air Elementalist)    Turns: 532, Time: 00:03:49

Health: -2/59      AC: 11    Str: 12    XL:     9   Next: 25%
Magic:  9/19       EV: 14    Int: 19    God:    Sif Muna [***...]
Gold:   11         SH:  0    Dex: 10    Spells: 4 memorised, 12 levels left

rFire  . . .     SeeInvis .     j - +0 short sword
rCold  . . .     Gourm    .     a - +0 robe
rNeg   + . .     Faith    .     (no shield)
rPois  ∞         Spirit   .     t - +0 helmet
rElec  +         Dismiss  .     (no cloak)
rCorr  .         Reflect  .     s - +0 pair of gloves
SustAt .         Harm     .     (no boots)
MR     .....     NoTele   +     (no amulet)
Stlth  ++........               (no ring)
                                (no ring)

@: repel missiles, not resistant to hostile enchantments, unstealthy
A: negative energy resistance 1, electricity resistance, unbreathing,
petrification resistance, rot immunity, AC +5
a: Channel Energy, Renounce Religion


You were in the Dungeon.
You worshipped Sif Muna.
Sif Muna was most pleased with you.
You were not hungry.

You visited 1 branch You collected 11 gold pieces.

Inventory:

Hand Weapons
 j - a +0 short sword (weapon)
 p - the +4 quarterstaff of Slime {elec, rPois rF+ MR+ Stlth+}
   (You found it in the Dungeon)

   Occasionally, upon striking a foe, it will discharge some electrical energy
   and cause terrible harm.
   It protects you from fire.
   It protects you from poison.
   It affects your resistance to hostile enchantments.
   It makes you more stealthy.
 q - the +2 rapier of Insomnia {freeze, rElec}
   (You found it in the Dungeon)

   It has been specially enchanted to freeze those struck by it, causing extra
   injury to most foes and up to half again as much damage against particularly
   susceptible opponents.
   It can also slow down cold-blooded creatures.
   It insulates you from electricity.
 r - the +2 scimitar of Sunlight {holy, rPois rN++ Int+4 Dex-5}
   (You found it in the Dungeon)

   It has been blessed by the Shining One to cause great damage to the undead
   and demons.
   It affects your intelligence (+4).
   It affects your dexterity (-5).
   It protects you from poison.
   It greatly protects you from negative energy.
Armour
 a - a +0 robe (worn)
 s - a +0 pair of gloves (worn)
 t - a +0 helmet (worn)
 u - a +1 chain mail
Magical Staves
 o - an uncursed staff of energy
Jewellery
 v - a +3 ring of intelligence
 w - a +3 ring of strength
Wands
 n - a wand of iceblast (7/15)
Scrolls
 i - 2 scrolls of blinking
 l - 4 scrolls of remove curse
 m - 2 scrolls of amnesia
 y - a scroll of fear
 A - 2 scrolls of enchant armour
 B - 2 scrolls of enchant weapon
 C - a scroll of recharging
Potions
 d - 6 potions of curing
 e - 5 potions of heal wounds
 f - a potion of haste
 g - a potion of magic
 h - a potion of agility
 x - a potion of cure mutation
 z - 2 potions of resistance
Books
 b - a book of Air

   Spells                             Type                      Level
   a - Shock                          Conjuration/Air              1
   b - Swiftness                      Charms/Air                   2
   c - Repel Missiles                 Charms/Air                   2
   d - Static Discharge               Conjuration/Air              3
   e - Lightning Bolt                 Conjuration/Air              5
Comestibles
 c - a bread ration
 k - 6 chunks of flesh


   Skills:
 + Level 8.2 Fighting
 * Level 11.6 Armour
 + Level 6.4 Dodging
 - Level 2.1 Stealth
 + Level 7.1 Spellcasting
 + Level 8.4 Conjurations
 - Level 2.4 Air Magic
 * Level 9.6 Invocations


You had 12 spell levels left.
You knew the following spells:

 Your Spells              Type           Power        Failure   Level  Hunger
a - Shock                 Conj/Air       ####         1%          1    None
b - Repel Missiles        Chrm/Air       ##....       12%         2    None
c - Swiftness             Chrm/Air       ##......     12%         2    None
d - Lightning Bolt        Conj/Air       ####......   34%         5    #####..


Dungeon Overview and Level Annotations

Branches:
Dungeon (1/1)

Altars:
Cheibriados
Dithmenos
Elyvilon
Fedhas
Gozag
Kikubaaqudgha
Makhleb
Nemelex Xobeh
Okawaru
Pakellas
Qazlal
Ru
Sif Muna
Trog
Vehumet
Xom
Yredelemnul
Zin
The Shining One
Beogh
Jiyva
Lugonu


Innate Abilities, Weirdness & Mutations

You are resistant to torment.
Your stone body is resilient (AC +5).
You are immune to poison.
You resist negative energy.
You are resistant to electric shocks.
You can survive without breathing.
You are immune to petrification.
You are immune to rotting.


Message History

Press: ? - help, Shift-Dir - straight line, f/p - spiny frog
Aim: a spiny frog (severely wounded)
The zap hits the spiny frog.
The spiny frog is almost dead.
The zap hits the giant frog.
The giant frog is almost dead.
The zap misses the porcupine.
The spiny frog stings you!
Casting: Shock
Confirm with . or Enter, or press ? or * to list all spells.
Aiming: Shock
Press: ? - help, Shift-Dir - straight line, f/p - spiny frog
Aim: a spiny frog (almost dead)
The zap hits the spiny frog.
The spiny frog is almost dead.
The zap hits the giant frog.
You kill the giant frog!
The zap misses the porcupine.
The spiny frog stings you!
* * * LOW HITPOINT WARNING * * *
The spiny frog stings you!
You die...

▓▓▓▓▓▓▓▓▓▓▓▓▓▓▓▓▓▓▓▓▓▓▓▓
.....rF@....[.(.....'...
▓▓▓▓▓▓▓▓▓▓▓▓▓▓▓▓▓▓▓▓▓▓▓▓▓▓▓▓▓▓▓▓▓
.................................
▓▓▓▓▓▓▓▓▓▓▓▓▓▓▓▓▓▓▓▓▓▓▓▓▓▓▓▓▓▓▓▓▓
____________________'.....)...%)'
▓▓▓▓▓▓▓▓▓▓▓▓▓▓▓▓▓▓▓▓▓▓▓▓▓▓▓▓▓▓▓▓▓


You could see a spiny frog and a porcupine.

Vanquished Creatures
  A griffon (D)
  A cyclops (D)
  A hungry ghost (D)
  A porcupine (D)
  2 water moccasins (D)
  An orc warrior (D)
  2 ogres (D)
  A wolf (D)
  2 crocodiles (D)
  4 giant frogs (D)
  A killer bee (D)
  A crimson imp (D)
  A hound (D)
  An iguana (D)
  2 adders (D)
  An orc (D)
  A giant cockroach (D)
  A hobgoblin (D)
  A quokka (D)
  A giant newt (D)
  2 kobolds (D)
29 creatures vanquished.

Notes
Turn   | Place    | Note
--------------------------------------------------------------
     0 | D        | rftp080 the Gargoyle Air Elementalist began the quest for the Orb.
     0 | D        | Reached XP level 1. HP: 10/10 MP: 3/3
     4 | D        | Reached skill level 1 in Fighting
     4 | D        | Reached skill level 1 in Armour
    77 | D        | Noticed an ogre
    77 | D        | Noticed a hound
    77 | D        | Noticed a crimson imp
    88 | D        | Reached skill level 2 in Armour
    88 | D        | Reached XP level 2. HP: 12/17 MP: 0/5
    88 | D        | Reached skill level 4 in Armour
    88 | D        | Reached XP level 3. HP: 15/22 MP: 0/7
    91 | D        | Killed an ogre
    91 | D        | Reached skill level 6 in Armour
    91 | D        | Reached XP level 4. HP: 29/29 MP: 0/10
    91 | D        | Reached XP level 5. HP: 33/33 MP: 0/11
   106 | D        | Found a glowing silver altar of Zin.
   106 | D        | Found a glowing golden altar of the Shining One.
   106 | D        | Found an ancient bone altar of Kikubaaqudgha.
   106 | D        | Found a basalt altar of Yredelemnul.
   106 | D        | Found a shimmering altar of Xom.
   106 | D        | Found a radiant altar of Vehumet.
   107 | D        | Found an iron altar of Okawaru.
   108 | D        | Found a burning altar of Makhleb.
   109 | D        | Found a deep blue altar of Sif Muna.
   110 | D        | Found a bloodstained altar of Trog.
   111 | D        | Found a sparkling altar of Nemelex Xobeh.
   112 | D        | Found a white marble altar of Elyvilon.
   113 | D        | Found a roughly hewn altar of Beogh.
   114 | D        | Found a viscous altar of Jiyva.
   115 | D        | Found a corrupted altar of Lugonu.
   116 | D        | Found a blossoming altar of Fedhas.
   117 | D        | Became a worshipper of Sif Muna the Loreminder
   118 | D        | Found a snail-covered altar of Cheibriados.
   119 | D        | Found a shadowy altar of Dithmenos.
   120 | D        | Found a stormy altar of Qazlal.
   121 | D        | Found an opulent altar of Gozag.
   122 | D        | Found a sacrificial altar of Ru.
   123 | D        | Found an oddly glowing altar of Pakellas.
   141 | D        | Got the +4 quarterstaff of Slime {elec, rPois rF+ MR+ Stlth+}
   141 | D        | Got the +2 rapier of Insomnia {freeze, rElec}
   141 | D        | Got the +2 scimitar of Sunlight {holy, rPois rN++ Int+4 Dex-5}
   155 | D        | Learned a level 2 spell: Repel Missiles
   158 | D        | Learned a level 2 spell: Swiftness
   164 | D        | Learned a level 5 spell: Lightning Bolt
   194 | D        | Noticed a crocodile
   194 | D        | Noticed an ogre
   216 | D        | Reached skill level 5 in Fighting
   216 | D        | Reached skill level 7 in Armour
   216 | D        | Reached skill level 5 in Conjurations
   216 | D        | Reached XP level 6. HP: 34/40 MP: 3/13
   217 | D        | Reached * piety under Sif Muna
   217 | D        | Reached skill level 8 in Armour
   217 | D        | Reached skill level 5 in Spellcasting
   224 | D        | Reached skill level 5 in Invocations
   226 | D        | Reached XP level 7. HP: 26/46 MP: 9/15
   358 | D        | Noticed a griffon
   358 | D        | Noticed a cyclops
   358 | D        | Noticed a hungry ghost
   370 | D        | Reached skill level 9 in Armour
   370 | D        | Reached skill level 5 in Dodging
   371 | D        | Killed a hungry ghost
   374 | D        | Reached ** piety under Sif Muna
   375 | D        | Killed a cyclops
   375 | D        | Reached skill level 10 in Armour
   375 | D        | Reached XP level 8. HP: 42/53 MP: 3/17
   377 | D        | Killed a griffon
   377 | D        | Reached skill level 11 in Armour
   522 | D        | Noticed a spiny frog
   528 | D        | Reached XP level 9. HP: 59/59 MP: 12/19
   532 | D        | Reached *** piety under Sif Muna
   532 | D        | Slain by a spiny frog

Skill      XL: |  1  2  3  4  5  6  7  8  9 |
---------------+----------------------------+-----
Fighting       | 2 4 5 6 7 8 |  8.2
Armour         | 2 4 6 7 8 10 11 | 11.6
Dodging        | 2 3 4 5 6 |  6.4
Conjurations   | 2 3 4 5 6 7 8 |  8.4
Spellcasting   | 3 4 5 6 7 |  7.1
Invocations    | 2 5 7 9 |  9.6
Stealth        | |  2.1
Air Magic      | |  2.4

Action                   |  1- 3 |  4- 6 |  7- 9 || total
-------------------------+-------+-------+-------++-------
Melee: Unarmed           |    11 |       |       ||    11
       Short sword       |     1 |     4 |       ||     5
 Cast: Shock             |    11 |    15 |    27 ||    53
       Repel Missiles    |       |       |     1 ||     1
  Use: Potion            |     3 |     2 |       ||     5
  Eat: Chunk             |       |       |     3 ||     3
Armor: Robe              |     7 |     2 |     7 ||    16
Dodge: Dodged            |    17 |    14 |    10 ||    41
